 Dungeon Crawl Stone Soup version 0.22-a0-558-gc224181 (webtiles) character file.

1532 omnomnOMINOUS the Spear-Bearer (level 8, -1/65 HPs)
             Began as a Merfolk Monk on June 27, 2018.
             Was a Believer of the Shining One.
             Slain by an orc
             ... wielding a +0 war axe
              (4 damage)
             ... in the Ecumenical Temple.
             The game lasted 00:10:25 (6624 turns).

omnomnOMINOUS the Spear-Bearer (Merfolk Monk)       Turns: 6624, Time: 00:10:26

Health: -1/65      AC:  7    Str: 12    XL:     8   Next: 85%
Magic:  9/9        EV: 18    Int: 11    God:    the Shining One [**....]
Gold:   238        SH:  0    Dex: 22    Spells: 7/7 levels left

rFire    . . .     SeeInvis +   a - +0 trident
rCold    . . .     Gourm    .   (no shield)
rNeg     + . .     Faith    +   u - +3 leather armour
rPois    .         Spirit   .   r - +0 helmet
rElec    .         Reflect  .   (no cloak)
rCorr    .         Harm     .   (no gloves)
MR       .....                  (no boots)
Stlth    +.........             n - amulet of faith
HPRegen  0.20/turn              f - +6 ring of dexterity
MPRegen  0.11/turn              y - ring of see invisible

@: glowing
A: change form in water, swift swim, stealthy swim
a: Divine Shield, Renounce Religion


You were in the Ecumenical Temple.
You worshipped the Shining One.
The Shining One was pleased with you.
You were hungry.

You visited 2 branches of the dungeon, and saw 7 of its levels.

You collected 238 gold pieces.

Inventory:

Hand Weapons
 a - a +0 trident (weapon)
 b - a +0 blowgun
Missiles
 e - 48 poisoned needles
 k - 93 arrows
 s - 2 javelins (quivered)
Armour
 r - a +0 helmet (worn)
 u - a +3 leather armour (worn)
 C - a +3 leather armour
Jewellery
 f - a +6 ring of dexterity (left hand)
 n - an amulet of faith (around neck)
 y - a ring of see invisible (right hand)
Scrolls
 d - a scroll of enchant armour {unknown}
 g - 2 scrolls of blinking {unknown}
 i - 9 scrolls of identify {unknown}
 j - 7 scrolls of remove curse {unknown}
 l - 5 scrolls of teleportation {unknown}
 o - 2 scrolls of magic mapping {unknown}
 x - a scroll of fog {unknown}
 z - a scroll of immolation {unknown}
Potions
 m - a potion of brilliance
 p - 2 potions of haste
 q - a potion of heal wounds
 t - a potion of might {unknown}
 v - 2 potions of curing
Comestibles
 c - 13 rations
 h - a chunk of flesh


   Skills:
 + Level 6.7 Fighting
 * Level 11.4 Polearms
 + Level 8.0 Dodging
 - Level 2.1 Stealth
 + Level 1.3 Invocations


You had 7 spell levels left.
You didn't know any spells.
Your spell library contained the following spells:

 Spells                   Type           Power        Failure   Level  Hunger
 Confuse                  Hex            #.......     80%         3    ####...
 Confusing Touch          Hex            #.....       41%         1    ##.....
 Metabolic Englaciation   Hex/Ice        #.........   100%        5    ######.
 Petrify                  Tmut/Erth      #.......     99%         4    #####..
 Gell's Gravitas          Tloc           #.........   80%         3    ####...
 Yara's Violent Unravell  Hex/Tmut       #.........   100%        5    ######.


Dungeon Overview and Level Annotations

Branches:
Dungeon (6/15)             Temple (1/1) D:6

Altars:
Ashenzari
Cheibriados
Dithmenos
Elyvilon
Fedhas
Gozag
Hepliaklqana
Kikubaaqudgha
Makhleb
Nemelex Xobeh
Okawaru
Qazlal
Ru
Sif Muna
Trog
Uskayaw
Vehumet
Wu Jian
Yredelemnul
Zin
The Shining One


Message History

There is a staircase back to the Dungeon here.
Unknown command.
You hit the orc.
The orc is heavily wounded.
The orc barely misses you.
You hit the orc but do no damage.
The orc is heavily wounded.
You completely miss the orc.
The orc is heavily wounded.
The orc closely misses you.
You barely miss the orc.
The orc is heavily wounded.
The orc hits you with a war axe.
* * * LOW HITPOINT WARNING * * *
You hit the orc.
The orc is heavily wounded.
You barely miss the orc.
The orc is heavily wounded.
The orc hits you with a war axe.
You die...

##......_..............._......##
.................................
....._....................._.....
.................................
.................................
..._..........⌠...⌠.........._...
.................................
...............o.[...............
.._.........⌠...@)..⌠........._..
.................................
.................................
..._..........⌠...⌠.........._...
.................................
....._....................._.....
.................................
......._................._.......
##.............................##


You could see an orc.

Vanquished Creatures
  An ice beast (D:5)
  2 ogres
  A centaur (D:6)
  A bullfrog (D:6)
  6 killer bees (D:5)
  A howler monkey (D:4)
  A crimson imp (D:5)
  3 hounds
  4 orc priests
  9 orc wizards
  4 worker ants
  A killer bee zombie (D:5)
  A hound zombie (D:5)
  A howler monkey zombie (D:6)
  4 adders
  A shadow imp (D:5)
  An ooze (D:5)
  An adder skeleton (D:5)
  2 worms
  A dart slug (D:2)
  6 leopard geckos
  30 orcs
  A ball python (D:1)
  7 bats
  4 giant cockroaches
  9 goblins
  6 hobgoblins
  9 jackals
  A quokka (D:2)
  4 frilled lizards
  12 kobolds
  A leopard gecko zombie (D:6)
  7 rats
143 creatures vanquished.

Notes
Turn   | Place    | Note
-------+----------+-------------------------------------------
     0 | D:1      | omnomnOMINOUS the Merfolk Monk began the quest for the Orb.
     0 | D:1      | Reached XP level 1. HP: 18/18 MP: 1/1
   339 | D:1      | Reached XP level 2. HP: 18/24 MP: 2/2
   669 | D:1      | Reached skill level 5 in Polearms
  1123 | D:2      | Reached XP level 3. HP: 27/29 MP: 3/3
  2220 | D:3      | Reached XP level 4. HP: 33/37 MP: 4/4
  2227 | D:3      | Reached skill level 6 in Polearms
  2469 | D:3      | Reached skill level 5 in Dodging
  2469 | D:3      | Reached XP level 5. HP: 33/42 MP: 5/5
  3088 | D:4      | Reached skill level 7 in Polearms
  3095 | D:4      | Reached XP level 6. HP: 42/49 MP: 6/6
  3772 | D:4      | Reached skill level 5 in Fighting
  3772 | D:4      | Reached skill level 8 in Polearms
  3924 | D:4      | Reached XP level 7. HP: 44/56 MP: 7/7
  4317 | D:5      | Entered Level 5 of the Dungeon
  4385 | D:5      | Reached skill level 9 in Polearms
  4802 | D:5      | Reached XP level 8. HP: 62/64 MP: 8/8
  4848 | D:5      | Reached skill level 10 in Polearms
  4871 | D:5      | HP: 3/64 [killer bee (7)]
  5823 | D:6      | Found a deep blue altar of Sif Muna.
  5981 | D:5      | Reached skill level 11 in Polearms
  6006 | D:6      | Found a staircase to the Ecumenical Temple.
  6030 | Temple   | Entered the Ecumenical Temple
  6140 | Temple   | Became a worshipper of the Shining One
  6140 | Temple   | Reached * piety under the Shining One
  6140 | Temple   | Reached ** piety under the Shining One
  6210 | Temple   | Reached skill level 1 in Invocations
  6622 | Temple   | HP: 2/65 [orc/war axe (3)]
  6624 | Temple   | Slain by an orc

Vault maps used:
D:1:      sevenhm_arrival_forest_fort_large_3
D:2:      minmay_distorted
D:3:      first_ration
D:6:      minmay_temple_entry_large_hall, basic_altar
Temple:   compressed_dpeg_circular_temple

Skill      XL: |  1  2  3  4  5  6  7  8 |
---------------+-------------------------+-----
Polearms       | 5 6 7 8 9 11 | 11.4
Fighting       | 4 5 6 |  6.7
Dodging        | 5 6 8 |  8.0
Invocations    | 1 |  1.3
Stealth        | |  2.1

Action                   |  1- 3 |  4- 6 |  7- 9 || total
-------------------------+-------+-------+-------++-------
Melee: Spear             |   142 |   139 |       ||   281
       Trident           |       |    90 |   258 ||   348
 Fire: Blowgun           |       |       |    23 ||    23
Throw: Javelin           |       |     2 |       ||     2
  Use: Potion            |       |       |     9 ||     9
 Stab: Sleeping          |    15 |     6 |     3 ||    24
       Distracted        |     2 |     1 |     2 ||     5
       Invisible         |       |       |     2 ||     2
  Eat: Chunk             |     4 |     6 |     8 ||    18
Armor: Robe              |     8 |    21 |       ||    29
       Leather armour    |       |       |    39 ||    39
Dodge: Dodged            |    51 |   145 |   211 ||   407

Table legend:
 A = Spawn XP
 B = Non-spawn XP
 C = Spawn XP percentage of total XP
 D = Spawn monster count
 E = Non-spawn monster count
 F = Spawn count percentage of total count
 G = Total turns spent on level
                    A         B        C        D         E        F      G
               +---------+---------+-------+---------+---------+-------+---------
         Total |       0 |    2189 |   0.0 |       0 |     143 |   0.0 |  6624
               +---------+---------+-------+---------+---------+-------+---------
           D:1 |       0 |      21 |   0.0 |       0 |      12 |   0.0 |   986
           D:2 |       0 |      54 |   0.0 |       0 |      23 |   0.0 |  1146
           D:3 |       0 |     211 |   0.0 |       0 |      35 |   0.0 |  1240
           D:4 |       0 |     515 |   0.0 |       0 |      27 |   0.0 |   977
           D:5 |       0 |    1042 |   0.0 |       0 |      35 |   0.0 |  1593
           D:6 |       0 |     303 |   0.0 |       0 |       9 |   0.0 |   209
        Temple |       0 |      43 |   0.0 |       0 |       2 |   0.0 |   473
               +---------+---------+-------+---------+---------+-------+---------
